 Dungeon Crawl Stone Soup version 0.24-a0-280-g7cec4da (webtiles) character file.

Game seed: 4124126610014267959

147 wirefist the Sneak (level 5, -4/24 HPs)
             Began as a Vine Stalker Enchanter on May 6, 2019.
             Slain by Grinder (7 damage)
             ... on level 3 of the Dungeon.
             The game lasted 00:07:22 (3405 turns).

wirefist the Sneak (Vine Stalker Enchanter)         Turns: 3405, Time: 00:07:22

Health: -4/24      AC:  4    Str: 11    XL:     5   Next: 29%
Magic:  0/10       EV: 13    Int: 16    God:
Gold:   96         SH:  0    Dex: 14    Spells: 7/10 levels left

rFire    . . .     SeeInvis .   a - +1 dagger
rCold    . . .     Gourm    .   (no shield)
rNeg     . . .     Faith    .   b - +0 robe
rPois    .         Spirit   +   (no helmet)
rElec    .         Reflect  .   f - +1 cloak
rCorr    .         Harm     .   (no gloves)
MR       .....                  (no boots)
Stlth    ++........             (no amulet)
HPRegen  0.48/turn              (no ring)
MPRegen  0.12/turn              (no ring)

@: no status effects
A: fangs 2, regeneration 1, magic shield, antimagic bite, no potion heal 3, rot
immunity
a: no special abilities


You were on level 3 of the Dungeon.
You were not hungry.

You visited 1 branch of the dungeon, and saw 3 of its levels.

You collected 96 gold pieces.

Inventory:

Hand Weapons
 a - a +1 dagger (weapon)
Missiles
 n - 6 needles of sleeping
Armour
 b - a +0 robe (worn)
 f - a +1 cloak (worn)
 l - a +0 cloak
Scrolls
 c - a scroll of teleportation
 i - a scroll of fog
 j - 3 scrolls of identify
 p - a scroll of magic mapping
Potions
 e - 2 potions of invisibility
 g - a potion of curing {unknown}
 h - a potion of flight {unknown}
 k - a potion of haste {unknown}
 o - a potion of agility {unknown}
Comestibles
 d - 5 rations


   Skills:
 + Level 2.0 Short Blades
 + Level 2.3 Dodging
 + Level 3.8 Stealth
 + Level 3.1 Spellcasting
 + Level 3.7 Hexes
 + Level 1.6 Ice Magic


You had 7 spell levels left.
You knew the following spells:

 Your Spells              Type           Power        Failure   Level  Hunger
a - Corona                Hex            ##.....      4%          1    None
b - Ensorcelled Hibernat  Hex/Ice        ##....       10%         2    ##.....

Your spell library contained the following spells:

 Spells                   Type           Power        Failure   Level  Hunger
 Confuse                  Hex            ##......     12%         3    ###....
 Tukima's Dance           Hex            ##......     12%         3    ###....
 Dazzling Spray           Conj/Hex       #.....       26%         3    ###....


Dungeon Overview and Level Annotations

Branches:
Dungeon (3/15)

Altars:

Annotations:
D:3 Grinder


Innate Abilities, Weirdness & Mutations

You have extremely sharp teeth.
Your natural rate of healing is unusually fast.
When hurt, damage is shared between your health and your magic reserves.
Your bite disrupts and absorbs the magic of your enemies.
Potions cannot restore your health.
You are immune to rotting.


Message History

Grinder is almost dead.
Grinder hits you.
You writhe in agony.
You barely miss Grinder.
Grinder is almost dead.
Grinder hits you!
* * * LOW HITPOINT WARNING * * *
You writhe in agony.
* * * LOW HITPOINT WARNING * * *
You completely miss Grinder. You bite Grinder, but do no damage.
Grinder is almost dead.
Grinder misses you.
You hit Grinder.
Grinder is almost dead.
Grinder completely misses you.
You hit Grinder.
Grinder is almost dead.
Grinder says, "There's only one good use for a tongue: cutting it out."
Grinder blinks!
Grinder hits you!
You die...

#.###.###.#
###...#### #.# #.#
#.# ##.## #.# #.#
#.# #.# #.# #.# #.#
#.# #.# #.# #.# #+#
#.###.###.# ...
#.........# ....
#####.#ยง### .....
#......@..###......
#.###..5....'......
#.#.......###......
#.#.#.#.#.# ..g..
#.#.#..##.# 5...
#.#.##.##.# ...
#.#.##.##.# #+#
#.........# #.#
######.#### #.#


You could see Grinder.

Vanquished Creatures
  An orc wizard (D:3)
  5 adders
  2 worms
  2 dart slugs (D:2)
  2 leopard geckos
  4 orcs (D:3)
  3 giant cockroaches
  8 goblins
  6 hobgoblins
  4 jackals
  2 ball pythons (D:1)
  7 bats
  5 frilled lizards
  5 kobolds
  4 rats
60 creatures vanquished.

Notes
Turn   | Place    | Note
-------+----------+-------------------------------------------
     0 | D:1      | wirefist the Vine Stalker Enchanter began the quest for the
                  | Orb.
     0 | D:1      | Reached XP level 1. HP: 9/9 MP: 4/4
   177 | D:1      | Reached skill level 1 in Short Blades
   380 | D:1      | Reached XP level 2. HP: 13/13 MP: 6/6
   384 | D:1      | Learned a level 2 spell: Ensorcelled Hibernation
  1288 | D:1      | Reached XP level 3. HP: 16/16 MP: 2/7
  1916 | D:2      | Reached skill level 1 in Ice Magic
  2040 | D:2      | Gained mutation: Your natural rate of healing is unusually
                  | fast. [Vine Stalker growth]
  2040 | D:2      | Reached XP level 4. HP: 21/21 MP: 6/9
  2989 | D:3      | Reached XP level 5. HP: 24/24 MP: 3/10
  3355 | D:3      | Noticed Grinder
  3400 | D:3      | HP: 1/24 [Grinder (5)]
  3405 | D:3      | Slain by Grinder

Levels and vault maps discovered:
D:1:      evilmike_arrival_crescent, layout_loops_corners,
          minmay_misc_feat_hallway, minmay_fountain_box
D:2:      layout_basic, first_ration
D:3:      layout_loops_corners, uniq_grinder, uniq_jessica

Skill      XL: |  1  2  3  4 |
---------------+-------------+-----
Short Blades   | 1 2 |  2.0
Dodging        | 2 |  2.3
Ice Magic      | 1 |  1.6
Spellcasting   | 3 |  3.1
Stealth        | |  3.8
Hexes          | |  3.7

Action                   |  1- 3 |  4- 6 || total
-------------------------+-------+-------++-------
Melee: Dagger            |    67 |    88 ||   155
       Bite              |     6 |    15 ||    21
 Cast: Ensorcelled Hiber |    18 |    12 ||    30
  Use: Scroll            |       |     6 ||     6
 Stab: Sleeping          |    20 |    11 ||    31
       Distracted        |       |     1 ||     1
  Eat: Chunk             |     2 |     4 ||     6
       Ration            |     1 |       ||     1
Armor: Robe              |    18 |    10 ||    28
Dodge: Dodged            |    45 |    36 ||    81

Table legend:
 A = Non-vault XP
 B = Vault XP
 C = Vault XP percentage of total XP
 D = Non-vault monster count
 E = Vault monster count
 F = Vault count percentage of total count
                 A         B        C        D         E       F
            +---------+---------+-------+---------+---------+-------
      Total |     210 |       0 |   0.0 |      60 |       0 |   0.0
            +---------+---------+-------+---------+---------+-------
        D:1 |      36 |       0 |   0.0 |      25 |       0 |   0.0
        D:2 |      94 |       0 |   0.0 |      22 |       0 |   0.0
        D:3 |      80 |       0 |   0.0 |      13 |       0 |   0.0
            +---------+---------+-------+---------+---------+-------
